 Dungeon Crawl Stone Soup version 0.30-a0-576-g89cddaab80 (webtiles) character file.

Game seed: 695670707411382009

1078 wormed the Shooter (level 8, -1/42 HPs)
             Began as a Spriggan Hunter on Dec 31, 2022.
             Shot with an arrow by a centaur (12 damage)
             ... on level 4 of the Dungeon.
             The game lasted 00:08:36 (4579 turns).

wormed the Shooter (Spriggan Hunter)                Turns: 4579, Time: 00:08:36

Health: -1/42      AC:  3    Str:  7    XL:     8   Next: 8%
Magic:  9/9        EV: 21    Int: 11    God:
Gold:   370        SH:  0    Dex: 20    Spells: 7/7 levels left

rFire   . . .      SeeInvis +    a - +0 shortbow
rCold   . . .      Faith    .    (shield currently unavailable)
rNeg    . . .      Spirit   .    c - +0 robe
rPois   .          Reflect  .    (helmet restricted)
rElec   .          Harm     .    e - +0 cloak
rCorr   .          Rampage  .    (gloves unavailable)
Will    +....                    (boots unavailable)
Stlth   ++++                     (no amulet)
HPRegen 0.27/turn                (no ring)
MPRegen 0.11/turn                (no ring)

@: very quick
A: very small, no large weapons, unfitting armour, see invisible, speed 3
a: no special abilities


You were on level 4 of the Dungeon.
You visited 1 branch of the dungeon, and saw 7 of its levels.
You also visited: Ossuary.

You collected 370 gold pieces.

Inventory:

Hand Weapons
 a - a +0 shortbow (weapon)
Missiles
 D - 2 throwing nets
Armour
 c - a +0 robe (worn)
 e - a +0 cloak (worn)
Jewellery
 w - a ring of ice
Wands
 o - a wand of roots (6)
Scrolls
 f - 2 scrolls of noise {unknown}
 g - 2 scrolls of amnesia {unknown}
 h - a scroll of teleportation {unknown}
 i - 2 scrolls of fog {unknown}
 m - 4 scrolls of identify {unknown}
 n - 2 scrolls of vulnerability {unknown}
 r - a scroll of enchant armour {unknown}
 s - 4 scrolls of blinking {unknown}
 y - 2 scrolls of poison {unknown}
 z - a scroll of enchant weapon {unknown}
 A - a scroll of acquirement {unknown}
 C - a scroll of magic mapping {unknown}
 E - a scroll of butterflies {unknown}
Potions
 b - a potion of magic {unknown}
 d - 5 potions of curing {unknown}
 j - a potion of mutation {unknown}
 k - a potion of flight {unknown}
 l - a potion of degeneration {unknown}
 p - 2 potions of cancellation {unknown}
 q - a potion of might {unknown}
 t - 2 potions of lignification {unknown}
 u - a potion of ambrosia {unknown}
 v - a potion of berserk rage {unknown}
 x - a potion of brilliance {unknown}
 B - a potion of attraction {unknown}


   Skills:
 + Level 3.8 Fighting
 * Level 7.2 Ranged Weapons
 + Level 6.1 Dodging
 + Level 6.6 Stealth


You had 7 spell levels left.
You didn't know any spells.
Your spell library contained the following spells:

 Spells                   Type           Power      Damage    Failure   Level
 Sting                    Tmut/Pois      0%         1d3       34%         1
 Poisonous Vapours        Pois/Air       0%         N/A       47%         2
 Olgreb's Toxic Radiance  Pois           0%         N/A       98%         4


Dungeon Overview and Level Annotations

Branches:
Dungeon (7/15)             Temple (0/1) D:4         Ossuary (visited)

Altars:
Gozag
Ru
Sif Muna

Shops:
D:2 *   D:4 [

Annotations:
D:4 2 runed translucent doors, Sigmund; pigah's ghost, amateur OpWn


Innate Abilities, Weirdness & Mutations

You are very small and have problems with some larger weapons.
You are too small for most types of armour.
You have supernaturally acute eyesight. (SInv)
You cover ground extremely quickly. (Speed+++)


Message History

An ogre is nearby!
You shoot an arrow. The arrow barely misses the ogre.
You shoot an arrow. The arrow hits the ogre.
The ogre is lightly wounded.
A centaur comes into view.
You shoot an arrow. The arrow hits the ogre!
The ogre is heavily wounded.
You shoot an arrow. The arrow hits the ogre.
The ogre is heavily wounded.
You shoot an arrow. The arrow hits the ogre.
The ogre is severely wounded.
You see here a hound corpse.
The centaur wields a +0 shortbow.
The centaur shoots an arrow.
The arrow hits you!
You shoot an arrow. The arrow closely misses the ogre.
You shoot an arrow. The arrow hits the ogre!
You kill the ogre!
The centaur shoots an arrow.
The arrow barely misses you.
The centaur shoots an arrow.
The arrow barely misses you.
Your Dodging skill increases to level 6!
You have reached level 8!
You shoot an arrow. The arrow hits the centaur.
The centaur is lightly wounded.
The centaur shoots an arrow.
The arrow closely misses you.
You shoot an arrow. The arrow hits the centaur.
The centaur is moderately wounded.
The centaur shoots an arrow.
The arrow closely misses you.
You shoot an arrow. The arrow hits the centaur.
The centaur is severely wounded.
The centaur shoots an arrow.
The arrow closely misses you.
You shoot an arrow. The arrow barely misses the centaur.
The centaur shoots an arrow.
The arrow hits you!
The centaur shoots an arrow.
The arrow closely misses you.
You shoot an arrow. The arrow barely misses the centaur.
The centaur shoots an arrow.
The arrow hits you!
The centaur shoots an arrow.
The arrow hits you.
* * * LOW HITPOINT WARNING * * *
You are too injured to fight recklessly!
The centaur shoots an arrow.
The arrow hits you!
You die...

#########.###......# #.
.........## ##.##### #.
########..###.)##### #>
#...<#..c....## #.
#.............## #.
#.........##...########.
##...............M...##.
##.....#.##...#####.#..
#....@#.##..## #.#.#
#.#.........######.#.#
#.#.#.................
#.#.....###.##########
#.####### #.# #.# #.#
#.# #.# #. #.# ..#


You could see a centaur.

Vanquished Creatures
  A wraith (Ossuary)
  Menkaure (D:4)
  An ogre (D:4)
  A bullfrog (D:6)
  2 necrophages
  2 scorpions
  A hound (D:4)
  2 iguanas
  3 orc wizards (D:5)
  A mummy (Ossuary)
  Robin (D:2)
  3 gnolls (D:5)
  5 adders
  A shadow imp (D:4)
  2 white imps (D:5)
  2 worms
  5 dart slugs
  12 orcs
  4 bats
  7 endoplasms
  4 giant cockroaches
  4 hobgoblins
  4 jackals (D:1)
  11 kobolds
  3 quokkas
  5 ball pythons
  6 frilled lizards
  7 gnoll skeletons (Ossuary)
  16 goblins
  4 kobold skeletons (Ossuary)
  14 orc skeletons (Ossuary)
  4 rats
139 creatures vanquished.

Notes
Turn   | Place    | Note
-------+----------+-------------------------------------------
     0 | D:1      | wormed the Spriggan Hunter began the quest for the Orb.
     0 | D:1      | Reached XP level 1. HP: 10/10 MP: 2/2
     2 | D:1      | Noticed a naga
     4 | D:1      | Noticed a demonspawn
     4 | D:1      | Noticed a formicid
     6 | D:1      | Noticed a vine stalker
     6 | D:1      | Noticed an ogre
     8 | D:1      | Noticed an elf
    10 | D:1      | Noticed a vampire
    10 | D:1      | Noticed a troll
    12 | D:1      | Noticed a felid
    12 | D:1      | Noticed a meteoran
    14 | D:1      | Noticed a draconian
    14 | D:1      | Noticed an armataur
    16 | D:1      | Noticed a ghoul
    16 | D:1      | Noticed a gargoyle
    18 | D:1      | Noticed a merfolk
    18 | D:1      | Noticed a minotaur
    20 | D:1      | Noticed a demigod
    20 | D:1      | Noticed a spriggan
    22 | D:1      | Noticed a tengu
    22 | D:1      | Noticed an octopode
    24 | D:1      | Noticed an elf
    26 | D:1      | Noticed a draconian
    26 | D:1      | Noticed a naga
   111 | D:1      | Reached XP level 2. HP: 15/15 MP: 3/3
   397 | D:1      | Reached XP level 3. HP: 18/18 MP: 4/4
   752 | D:2      | Noticed Robin
   769 | D:2      | Reached XP level 4. HP: 21/23 MP: 5/5
   792 | D:2      | Killed Robin
   971 | D:2      | Found Igexyv's Assorted Antiques.
  1744 | D:3      | You fall into a shaft and drop 3 floors!
  1755 | D:6      | Noticed a kobold brigand
  1777 | D:6      | Noticed a necrophage
  1791 | D:6      | Found a sacrificial altar of Ru.
  1908 | D:5      | Entered Level 5 of the Dungeon
  1958 | D:5      | Noticed a necrophage
  1967 | D:4      | Found a sand-covered staircase.
  1986 | Ossuary  | Entered an ossuary
  1986 | Ossuary  | Noticed a wraith
  1986 | Ossuary  | Noticed a wraith
  1986 | Ossuary  | Noticed a wraith
  2003 | Ossuary  | Reached skill level 5 in Ranged Weapons
  2045 | Ossuary  | Noticed a wraith
  2144 | Ossuary  | Killed a wraith
  2145 | Ossuary  | Reached XP level 5. HP: 19/27 MP: 6/6
  2145 | Ossuary  | Reached XP level 6. HP: 23/32 MP: 7/7
  2347 | D:4      | Found a staircase to the Ecumenical Temple.
  2456 | D:4      | Found an opulent altar of Gozag.
  2553 | D:4      | Found a runed translucent door.
  2554 | D:4      | Noticed pigah's ghost (amateur OpWn)
  2601 | D:4      | Found Rorerr's Antique Armour Shop.
  2619 | D:4      | Found a runed translucent door.
  2624 | D:4      | Noticed Sigmund
  2770 | D:3      | Found a shimmering blue altar of Sif Muna.
  3214 | D:5      | Reached skill level 6 in Ranged Weapons
  3218 | D:5      | Reached skill level 5 in Stealth
  3331 | D:5      | Reached skill level 5 in Dodging
  3357 | D:5      | Reached XP level 7. HP: 29/36 MP: 8/8
  3577 | D:6      | Noticed a shadow
  4353 | D:4      | Noticed Menkaure
  4378 | D:4      | Killed Menkaure
  4379 | D:4      | Reached skill level 7 in Ranged Weapons
  4573 | D:4      | Reached XP level 8. HP: 32/42 MP: 9/9
  4579 | D:4      | Shot with an arrow by a centaur

Illustrated notes

Levels and vault maps discovered:
D:1:      kb_arrival_jail, layout_basic, chequers_mini_garden
D:2:      layout_basic, serial_shops, shop, serial_glass, glass_columns_c,
          glass_columns_a, st_stairs_13, uniq_robin
D:3:      layout_basic, lemuel_coloured_pillars_altar
D:4:      layout_loops_ring, nicolae_overflow_crystal_walls,
          mainiacjoe_overflow_small_starburst, minmay_temple_entry_trees,
          ebering_ghost_sewer_f, serial_shops, nicolae_shop_trees,
          nicolae_ossuary_entry_false_entrances, uniq_menkaure, uniq_sigmund
D:5:      layout_rooms
D:6:      minmay_recursive_quarters, layout_layer_cave,
          mainiacjoe_overflow_six_doors_small, gup_sewer_entry_glass,
          minmay_manual_mail
D:7:      layout_rooms, nicolae_take_the_stairs, mrwooster_statue_mirror,
          uniq_prince_ribbit1

Skill      XL: |  1  2  3  4  5  6  7 |
---------------+----------------------+-----
Stealth        | 2 4 5 6 |  6.6
Dodging        | 3 4 5 6 |  6.1
Fighting       | 2 3 |  3.8
Ranged Weapons | 5 6 7 |  7.2

Action                   |  1- 3 |  4- 6 |  7- 9 || total
-------------------------+-------+-------+-------++-------
 Fire: Shortbow          |    88 |   189 |   108 ||   385
Evoke: Wand              |       |       |     6 ||     6
  Use: Scroll            |       |     2 |       ||     2
Armor: Robe              |     1 |     3 |     1 ||     5
Dodge: Dodged            |    17 |    59 |    36 ||   112

Table legend: (Time is in decaauts)
 A = Elapsed time spent in this place.
 B = Non-inter-level travel time spent in this place.
 C = Inter-level travel time spent in this place.
 D = Time resting spent in this place.
 E = Time spent auto-exploring this place.
 F = Levels seen in this place.
 G = Mean time per level.
                   A        B        C        D        E       F      G
               +--------+--------+--------+--------+--------+-----+--------+
         Total |   3297 |   3197 |    100 |      0 |   2152 |   8 |  412.1 |
       Dungeon |   3052 |   2952 |    100 |      0 |   2056 |   7 |  436.0 |
       Ossuary |    245 |    245 |      0 |      0 |     96 |   1 |  245.0 |
               +--------+--------+--------+--------+--------+-----+--------+

Top non-repeatable levels by time:
     D:2: 696 daAuts
     D:5: 635 daAuts
     D:4: 517 daAuts
     D:3: 474 daAuts
     D:1: 362 daAuts
     D:6: 282 daAuts
 Ossuary: 245 daAuts
     D:7: 84 daAuts
